Map: Lightshade LE

Players

Stephano - Winner!

  • Race: Zerg Zerg

Bly

  • Race: Zerg Zerg

Event: DreamHack SC2 Masters 2021 Fall

VOD

Have the link to the VOD?

Description

Time

  • Played on: July 31, 2021, 3:48 p.m.
  • Length: 10:22

All games in this series

Show
View Real Time Build Order
Export as new Build Order

Stephano Zerg - Winner!

Build Orders: Hatch First 

Get SALT Encoding   

  12  0:00  Drone  
  13  0:12  Overlord  
  13  0:17  Drone  
  14  0:30  Drone x2  
  16  0:47  Hatchery  
  15  0:50  Drone  
  15  0:53  Drone  
  17  0:57  Drone  
  18  1:07  Extractor  
  17  1:12  Spawning Pool  
  17  1:15  Drone  
  17  1:18  Drone  
  18  1:27  Drone  
  19  1:58  Queen  
  19  1:59  Queen, Zergling x2  
  19  2:00  Zergling x6  
  27  2:13  Zergling x4  
  27  2:25  Zergling x2  
  28  2:45  Overlord  
  27  3:00  Zergling x2  
  27  3:04  Drone x2  
  28  3:06  Drone x2  
  28  3:07  Drone  
  30  3:14  Zergling x2  
  28  3:20  Zergling x8  
  27  3:28  Drone x2  
  27  3:33  Drone  
  29  3:34  Queen  
  29  3:39  Drone  
  32  3:48  Queen  
  34  4:00  Overlord  
  34  4:08  Metabolic Boost  
  34  4:10  Hatchery  
  33  4:18  Drone  
  33  4:19  Drone  
  33  4:20  Drone  
  36  4:26  Drone x3  
  36  4:31  Drone  
  40  4:38  Drone  
  40  4:39  Roach Warren  
  40  4:42  Extractor  
  40  4:43  Extractor  
  40  4:44  Drone x2  
  40  4:47  Drone  
  40  4:51  Overlord  
  41  4:53  Drone  
  41  4:55  Drone  
  43  5:03  Overlord  
  43  5:10  Drone  
  43  5:11  Drone x3  
  47  5:18  Drone x3  
  50  5:22  Overlord x2  
  50  5:28  Overlord  
  52  5:35  Roach  
  52  5:36  Roach x2  
  52  5:39  Roach  
  58  5:46  Roach x3  
  64  5:51  Roach x2  
  64  5:54  Zergling x6  
  67  6:06  Roach x4  
  67  6:09  Roach  
  77  6:13  Queen  
  77  6:14  Roach  
  81  6:20  Roach x2  
  81  6:22  Roach  
  87  6:31  Zergling x4  
  85  6:36  Roach x3  
  85  6:39  Roach x2  
  75  6:42  Ravager  
  75  6:43  Ravager, Zergling x2  
  75  6:44  Zergling x2  
  75  6:46  Ravager  
  78  6:51  Roach x3  
  84  6:57  Zergling x6  
  87  7:04  Roach  
  87  7:05  Overlord  
  89  7:13  Overlord  
  89  7:28  Overlord  
  89  7:32  Overlord  
  89  7:33  Roach  
  89  7:34  Roach x7  
  98  7:51  Roach  
  98  7:52  Roach x7  
  98  7:53  Zergling x2  
  98  7:56  Overlord  
  115  8:03  Ravager x3  
  118  8:10  Ravager  
  119  8:14  Zergling x16  
  126  8:29  Zergling x8  
  130  8:36  Overlord  
  130  8:39  Overlord  
  130  8:41  Overlord  
  121  8:52  Roach x5  
  122  8:59  Roach  
  122  9:00  Roach x3  
  112  9:07  Roach x4  
  118  9:15  Zergling x2  
  118  9:16  Zergling x6  
  113  9:23  Roach  
  115  9:24  Drone  
  115  9:27  Evolution Chamber  
  115  9:28  Ravager  
  115  9:29  Ravager x2  
  115  9:30  Ravager  
  119  9:31  Zergling x2  
  118  9:41  Roach x5  
  127  9:45  Zergling x2  
  127  9:46  Zergling x2  
  109  10:02  Roach  
  109  10:03  Roach x5  
Show
View Real Time Build Order
Export as new Build Order

Bly Zerg 

Build Orders: Pool First 

Get SALT Encoding   

  12  0:17  Spawning Pool  
  11  0:22  Drone  
  11  0:27  Drone  
  13  0:35  Drone  
  14  0:42  Overlord  
  14  1:04  Zergling x4  
  16  1:05  Zergling x2  
  17  1:16  Zergling x2  
  18  1:21  Hatchery  
  17  1:27  Zergling x2  
  18  1:35  Spine Crawler  
  18  1:37  Zergling x2  
  18  1:48  Zergling x2  
  19  1:54  Queen  
  19  2:00  Drone  
  21  2:16  Overlord  
  21  2:32  Queen  
  21  2:33  Drone x2  
  21  2:34  Drone  
  26  2:42  Queen  
  27  2:50  Drone x2  
  29  3:03  Drone x3  
  31  3:14  Drone x4  
  31  3:18  Drone  
  35  3:23  Overlord  
  33  3:33  Drone x2  
  35  3:36  Extractor  
  35  3:40  Overlord  
  34  3:46  Overlord  
  34  3:52  Extractor, Overlord  
  33  3:59  Drone x6  
  39  4:09  Evolution Chamber  
  37  4:10  Roach Warren  
  37  4:16  Drone  
  37  4:17  Drone  
  38  4:26  Drone x4  
  38  4:29  Metabolic Boost  
  42  4:34  Drone  
  42  4:36  Drone x2  
  42  4:38  Drone  
  46  4:46  Drone  
  46  4:47  Extractor, Drone x2  
  48  4:55  Zergling x2  
  48  4:57  Zerg Melee Weapons Level 1  
  49  5:00  Baneling Nest  
  49  5:04  Overlord  
  48  5:09  Zergling x10  
  48  5:10  Zergling x2  
  54  5:15  Zergling x2  
  54  5:19  Zergling x2  
  56  5:26  Zergling x12  
  62  5:35  Evolution Chamber  
  62  5:41  Zergling x4  
  62  5:42  Zergling x2  
  63  5:44  Baneling  
  63  5:45  Baneling x7  
  63  5:48  Zergling x2  
  64  5:54  Zergling x14  
  71  6:07  Hatchery  
  70  6:12  Zergling x6  
  70  6:13  Overlord  
  73  6:20  Spine Crawler  
  63  6:38  Zergling x16  
  60  6:48  Roach  
  60  6:49  Roach  
  64  6:57  Zerg Ground Armor Level 1  
  64  6:58  Roach x4  
  71  7:01  Baneling x2  
  71  7:02  Hatchery  
  71  7:08  Roach x4  
  78  7:09  Baneling x3  
  78  7:11  Baneling x2  
  78  7:12  Baneling  
  78  7:23  Zergling x2  
  78  7:24  Zergling x10  
  83  7:31  Roach x3  
  78  7:54  Zergling x6  
  78  7:55  Zergling x14  
  88  8:05  Zergling x4  
  90  8:08  Overlord x3  
  90  8:13  Overlord  
  90  8:15  Baneling x4  
  89  8:30  Zergling x22  
  89  8:31  Ravager  
  89  8:32  Ravager  
  100  8:42  Baneling x7  
  100  8:45  Zergling x4  
  100  8:46  Zergling x2  
  97  8:54  Roach  
  97  8:55  Roach x2  
  87  9:00  Roach  
  87  9:01  Roach  
  80  9:07  Roach  
  80  9:10  Roach  
  71  9:18  Roach x2  
  71  9:25  Ravager x4  
  71  9:26  Ravager  
  71  9:29  Ravager  
  71  9:31  Roach x5  
  87  9:40  Zergling x2  
  87  9:41  Zergling x8  
  65  10:02  Zergling x12  

Tags
 
Add a new tag
Caveats
  • Supply blocks, unpowered buildings, or Contaminate may cause inaccurate times.
  • Supply counts are checked every 10 seconds.